 Dungeon Crawl Stone Soup version 0.20.0-15-g7f486f2 (webtiles) character file.

200 protoss039 the Shield-Bearer (level 5, -1/33 HPs)
             Began as a Gargoyle Fighter on June 24, 2017.
             Slain by a gnoll sergeant
             ... wielding a +4 trident of piercing
              (5 damage)
             ... on level 3 of the Dungeon.
             The game lasted 00:10:55 (2501 turns).

protoss039 the Shield-Bearer (Gargoyle Fighter)     Turns: 2501, Time: 00:10:55

Health: -1/33      AC: 14    Str: 20    XL:     5   Next: 78%
Magic:  5/5        EV:  5    Int:  9    God:
Gold:   98         SH: 10    Dex:  9    Spells: 4/4 levels left

rFire    . . .     SeeInvis .   a - +0 flail
rCold    . . .     Gourm    .   c - +1 shield
rNeg     + . .     Faith    .   l - +0 chain mail
rPois    ∞         Spirit   .   (no helmet)
rElec    +         Reflect  .   (no cloak)
rCorr    .         Harm     .   (no gloves)
MR       .....                  i - +0 pair of boots
Stlth    ..........             (no amulet)
Regen    0.2/turn               (no ring)
MPRegen  0.1/turn               (no ring)

@: slowed, very slow
A: negative energy resistance 1, electricity resistance, unbreathing,
petrification resistance, rot immunity, AC +4
a: no special abilities


You were on level 3 of the Dungeon.
You were not hungry.

You visited 1 branch of the dungeon, and saw 3 of its levels.

You collected 98 gold pieces.

Inventory:

Hand Weapons
 a - a +0 flail (weapon)
 h - a +2 dagger of pain
Armour
 b - a +0 scale mail
 c - a +1 shield (worn)
 i - a +0 pair of boots (worn)
 l - a +0 chain mail (worn)
Wands
 e - a wand of random effects (16/48)
Scrolls
 m - a scroll of identify
 p - a scroll of magic mapping {unknown}
 q - a scroll of remove curse {unknown}
 s - a scroll of enchant weapon {unknown}
 t - a scroll of fear {unknown}
Potions
 j - a potion of haste {unknown}
 r - a potion of cancellation {unknown}
Books
 g - a book of Misfortune

   Spells                             Type                      Level
   a - Confusing Touch                Hexes                        1
   b - Confuse                        Hexes                        3
   c - Gell's Gravitas                Translocation                3
   d - Petrify                        Transmutation/Earth          4
   e - Metabolic Englaciation         Hexes/Ice                    5
   f - Yara's Violent Unravelling     Hexes/Transmutation          5
Comestibles
 d - 5 chunks of flesh
 f - 3 bread rations
 n - 4 fruits
 o - a meat ration


   Skills:
 * Level 4.0 Fighting
 + Level 3.5 Maces & Flails
 + Level 4.1 Armour
 - Level 0.7 Dodging
 + Level 4.6 Shields


You had 4 spell levels left.
You didn't know any spells.

Dungeon Overview and Level Annotations

Branches:
Dungeon (3/15)

Altars:


Innate Abilities, Weirdness & Mutations

You are resistant to torment.
Your stone body is resilient. (AC +4)
You are immune to poison.
You resist negative energy. (rN+)
You are resistant to electric shocks. (rElec)
You can survive without breathing.
You are immune to petrification.
You are immune to rotting.


Message History

Okay, then.
You feel better. You block the bat's attack.
The gnoll sergeant hits you but does no damage.
Unknown command.
Unknown command.
The bat hits you but does no damage. You block the gnoll sergeant's attack.
The gnoll sergeant hits you from afar with a trident of piercing.
* * * LOW HITPOINT WARNING * * *
x2 The bat barely misses you.
The bat hits you but does no damage.
You barely miss the bat. You block the bat's attack.
The gnoll sergeant hits you from afar with a trident of piercing.
* * * LOW HITPOINT WARNING * * *
x2 You block the gnoll sergeant's attack.
A gnoll comes into view.
Unknown command.
The gnoll shouts!
You block the bat's attack. You block the bat's attack.
The gnoll sergeant hits you from afar with a trident of piercing.
You die...

##)#...........#
#..............
#.#..###.#.#..#
#.#####.###.###
#)#...[.......# #.# #.#
#.#..##..###..# ##.# #.#
#.#..##..# #..# #..# #.#
..#..##..###..####. #.## #.#
###..##............ #.# #.#
#..##...#...#########.####.#
........#....@.gg)g.g..(...#
##.#....#....########.######
#...#######b# #.# ###. ..#
#.# ## #... ... #.### #.# ..
#g# ## .#


You could see a gnoll sergeant, 3 gnolls and a bat.

Vanquished Creatures
  An orc wizard (D:3)
  Natasha (thrice) (D:3)
  2 adders (D:3)
  2 worms (D:3)
  2 dart slugs
  4 leopard geckos
  9 orcs (D:3)
  5 bats
  6 giant cockroaches
  4 goblins
  5 hobgoblins
  2 jackals (D:3)
  2 quokkas
  A ball python (D:1)
  4 frilled lizards
  4 kobolds
  5 rats
61 creatures vanquished.

Vanquished Creatures (others)
  7 toadstools (D:1)
7 creatures vanquished.

Grand Total: 68 creatures vanquished

Notes
Turn   | Place    | Note
-------+----------+-------------------------------------------
     0 | D:1      | protoss039 the Gargoyle Fighter began the quest for the Orb.
     0 | D:1      | Reached XP level 1. HP: 14/14 MP: 1/1
   135 | D:1      | Reached XP level 2. HP: 15/19 MP: 2/2
   547 | D:1      | Reached XP level 3. HP: 20/24 MP: 3/3
  1302 | D:3      | Reached XP level 4. HP: 29/29 MP: 4/4
  1329 | D:3      | Noticed Natasha
  1358 | D:3      | Killed Natasha
  1748 | D:3      | Noticed Natasha
  1751 | D:3      | Noticed a gnoll sergeant
  2136 | D:3      | Killed Natasha
  2136 | D:3      | Reached XP level 5. HP: 13/33 MP: 5/5
  2246 | D:3      | Noticed Natasha
  2258 | D:3      | Killed Natasha
  2501 | D:3      | Slain by a gnoll sergeant

Skill      XL: |  1  2  3  4 |
---------------+-------------+-----
Shields        | 4 |  4.6
Maces & Flails | 3 |  3.5
Armour         | 4 |  4.1
Fighting       | 4 |  4.0
Dodging        | |  0.7

Action                   |  1- 3 |  4- 6 || total
-------------------------+-------+-------++-------
Melee: Flail             |   178 |   125 ||   303
  Use: Scroll            |       |     4 ||     4
       Potion            |       |     3 ||     3
  Eat: Chunk             |     2 |     4 ||     6
Armor: Scale mail        |   101 |    78 ||   179
       Chain mail        |       |     3 ||     3
Dodge: Dodged            |    49 |    37 ||    86
Block: Shield            |    87 |    79 ||   166
